EL
PENSACOLA BLUE WAHOOS @ ALTOONA CURVE
08/13/2049
 
TOP OF THE 1ST
Pensacola Blue Wahoos batting - Pitching for Altoona Curve : RHP Rogelio Nunez
Pitching: RHP Rogelio Nunez
Batting: RHB Randy Grewe 0-0: Ball
1-0: Ball
2-0: Called Strike
2-1: Ball
3-1: Foul Ball, location: 2F
3-2: Strikes out swinging
Batting: LHB Ralph Braine 0-0: Foul Ball, location: 2F
0-1: Ball
1-1: Foul Ball, location: 2F
1-2: Fly out, F7 (Flyball, 7LMF, EV 85.0 MPH)
Batting: SHB David Garnica 0-0: Called Strike
0-1: Ball
1-1: Called Strike
1-2: Ball
2-2: Ball
3-2: DOUBLE (Flyball, 89XD, EV 100.6 MPH)
Batting: RHB Andy Urquhart 0-0: Ball
1-0: Foul Ball, location: 2F
1-1: Ball
2-1: SINGLE (Groundball, 56S, EV 68.8 MPH) (infield hit)
David Garnica to third
Batting: RHB Jose Nunez 0-0: Called Strike
0-1: Foul Ball, location: 2F
0-2: Foul Ball, location: 2F
0-2: Foul Ball, location: 2F
0-2: Ball
1-2: Ball
2-2: Ball
3-2: SINGLE (Flyball, 5D, EV 89.4 MPH)
David Garnica scores
Andy Urquhart to second
Andy Urquhart to third
Batting: RHB Luis Solorzano 0-0: Ball
1-0: Ball
2-0: SINGLE (Groundball, 6S, EV 95.6 MPH)
Andy Urquhart scores
Jose Nunez to second
Batting: RHB David Stayton 0-0: Ball
1-0: Swinging Strike
1-1: Called Strike
1-2: Foul Ball, location: 2F
1-2: Foul Ball, location: 2F
1-2: Strikes out swinging
Top of the 1st over - 2 runs, 4 hits, 0 errors, 2 left on base; Pensacola 2 - Altoona 0
BOTTOM OF THE 1ST
Altoona Curve batting - Pitching for Pensacola Blue Wahoos : RHP Tony Ortiz
Pitching: RHP Tony Ortiz
Batting: RHB Melvin Durland 0-0: Called Strike
0-1: Called Strike
0-2: Foul Ball, location: 2F
0-2: Foul Ball, location: 2F
0-2: Ground out 1-3 (Groundball, 13, EV 66.9 MPH)
Batting: RHB Alex Arzate 0-0: Foul Ball, location: 2F
0-1: Ground out 6-3 (Groundball, 6, EV 86.9 MPH)
Batting: RHB Brandon White 0-0: Fly out, F6 (Line Drive, 56, EV 73.1 MPH)
Bottom of the 1st over - 0 runs, 0 hits, 0 errors, 0 left on base; Pensacola 2 - Altoona 0
TOP OF THE 2ND
Pensacola Blue Wahoos batting - Pitching for Altoona Curve : RHP Rogelio Nunez
Batting: RHB Ryan Short 0-0: Foul Ball, location: 2F
0-1: Ball
1-1: Ball
2-1: Ball
3-1: SINGLE (Line Drive, 56, EV 94.4 MPH)
Batting: RHB Alex Velasquez 0-0: SINGLE (Groundball, 5S, EV 63.8 MPH) (infield hit)
Ryan Short to second
Batting: RHB Randy Grewe 0-0: Fly out, F9 (Flyball, 9S, EV 95.6 MPH)
Batting: LHB Ralph Braine 0-0: Called Strike
0-1: Called Strike
0-2: Ball
1-2: Strikes out swinging
Batting: SHB David Garnica 0-0: Fly out, F8 (Flyball, 8LXD, EV 101.2 MPH)
Top of the 2nd over - 0 runs, 2 hits, 0 errors, 2 left on base; Pensacola 2 - Altoona 0
BOTTOM OF THE 2ND
Altoona Curve batting - Pitching for Pensacola Blue Wahoos : RHP Tony Ortiz
Batting: LHB Mike Handrahan 0-0: Ball
1-0: Ball
2-0: Called Strike
2-1: Fly out, F9 (Line Drive, 9LM, EV 92.5 MPH)
Batting: RHB Jeff Edwards 0-0: Called Strike
0-1: Fly out, F6 (Popup, 4MD, EV 70.0 MPH)
Batting: RHB Tim Moore 0-0: Foul Ball, location: 2F
0-1: Ball
1-1: Ball
2-1: Foul Ball, location: 2F
2-2: Ball
3-2: Base on Balls
Batting: SHB Ronnie Brooks 0-0: Ball
1-0: Fielders Choice at 2nd, 6-4 (Groundball, 6, EV 86.9 MPH)
Bottom of the 2nd over - 0 runs, 0 hits, 0 errors, 1 left on base; Pensacola 2 - Altoona 0
TOP OF THE 3RD
Pensacola Blue Wahoos batting - Pitching for Altoona Curve : RHP Rogelio Nunez
Batting: RHB Andy Urquhart 0-0: Called Strike
0-1: Ball
1-1: SINGLE (Groundball, 6S, EV 75.0 MPH) (infield hit)
Batting: RHB Jose Nunez 0-0: Called Strike
0-1: Ball
1-1: Ball
2-1: Ball
3-1: Fly out, F7 (Flyball, 7LM, EV 88.1 MPH)
Batting: RHB Luis Solorzano 0-0: Ball
1-0: Fly out, F7 (Line Drive, 7, EV 91.9 MPH)
Batting: RHB David Stayton 0-0: Called Strike
0-1: Ball
1-1: Fielders Choice at 2nd, 6-4 (Groundball, 6, EV 78.8 MPH)
Top of the 3rd over - 0 runs, 1 hit, 0 errors, 1 left on base; Pensacola 2 - Altoona 0
BOTTOM OF THE 3RD
Altoona Curve batting - Pitching for Pensacola Blue Wahoos : RHP Tony Ortiz
Batting: RHB Terrence Wilson 0-0: Called Strike
0-1: Ball
1-1: Foul Ball, location: 2F
1-2: Ball
2-2: Fly out, F9 (Flyball, 9D, EV 95.0 MPH)
Batting: RHB Joe Young 0-0: Swinging Strike
0-1: Foul Ball, location: 2F
0-2: Strikes out looking
Batting: RHB Melvin Durland 0-0: Swinging Strike
0-1: Ball
1-1: Ball
2-1: Foul Ball, location: 2F
2-2: Strikes out swinging
Bottom of the 3rd over - 0 runs, 0 hits, 0 errors, 0 left on base; Pensacola 2 - Altoona 0
TOP OF THE 4TH
Pensacola Blue Wahoos batting - Pitching for Altoona Curve : RHP Rogelio Nunez
Batting: RHB Ryan Short 0-0: Called Strike
0-1: Fly out, F8 (Flyball, 8LM, EV 88.8 MPH)
Batting: RHB Alex Velasquez 0-0: Ball
1-0: Called Strike
1-1: Foul Ball, location: 2F
1-2: Strikes out swinging
Batting: RHB Randy Grewe 0-0: Ball
1-0: Fly out, F7 (Flyball, 7S, EV 87.5 MPH)
Top of the 4th over - 0 runs, 0 hits, 0 errors, 0 left on base; Pensacola 2 - Altoona 0
BOTTOM OF THE 4TH
Altoona Curve batting - Pitching for Pensacola Blue Wahoos : RHP Tony Ortiz
Batting: RHB Alex Arzate 0-0: Ball
1-0: Swinging Strike
1-1: Called Strike
1-2: Ball
2-2: Foul Ball, location: 2F
2-2: Foul Ball, location: 2F
2-2: Ball
3-2: Foul Ball, location: 2F
3-2: Foul Ball, location: 2F
3-2: Base on Balls
Batting: RHB Brandon White 0-0: Fly out, F3 (Popup, 3F, EV 79.4 MPH)
Batting: LHB Mike Handrahan Pickoff Throw to First - Out! 1-3
0-0: Foul Ball, location: 2F
0-1: Ball
1-1: Swinging Strike
1-2: Ball
2-2: Fly out, F8 (Flyball, 8RM, EV 94.4 MPH)
Bottom of the 4th over - 0 runs, 0 hits, 0 errors, 0 left on base; Pensacola 2 - Altoona 0
TOP OF THE 5TH
Pensacola Blue Wahoos batting - Pitching for Altoona Curve : RHP Rogelio Nunez
Batting: LHB Ralph Braine 0-0: Called Strike
0-1: Ground out U3 (Groundball, 34S, EV 89.4 MPH)
Batting: SHB David Garnica 0-0: Foul Ball, location: 2F
0-1: Ground out 4-3 (Groundball, 4, EV 83.1 MPH)
Batting: RHB Andy Urquhart 0-0: Called Strike
0-1: Ball
1-1: Ball
2-1: SOLO HOME RUN (Flyball, 7D, EV 100.6 MPH), Distance : 381 ft
Batting: RHB Jose Nunez 0-0: Called Strike
0-1: Ball
1-1: Ball
2-1: Foul Ball, location: 2F
2-2: TRIPLE (Flyball, 89XD, EV 106.2 MPH)
Batting: RHB Luis Solorzano 0-0: Ball
1-0: Called Strike
1-1: Fly out, F8 (Flyball, 8LXD, EV 100.0 MPH)
Top of the 5th over - 1 run, 2 hits, 0 errors, 1 left on base; Pensacola 3 - Altoona 0
BOTTOM OF THE 5TH
Altoona Curve batting - Pitching for Pensacola Blue Wahoos : RHP Tony Ortiz
Batting: RHB Jeff Edwards 0-0: SOLO HOME RUN (Flyball, 89XD, EV 105.6 MPH), Distance : 418 ft
Batting: RHB Tim Moore 0-0: Ball
1-0: Called Strike
1-1: Swinging Strike
1-2: Ball
2-2: SINGLE (Line Drive, 6MD, EV 99.4 MPH)
Batting: SHB Ronnie Brooks 0-0: Ball
1-0: Ball
2-0: Called Strike
2-1: Ball
3-1: SINGLE (Groundball, 6MS, EV 71.9 MPH) (infield hit)
Tim Moore to second
Batting: RHB Terrence Wilson 0-0: Called Strike
0-1: Fly out, F8 (Flyball, 8LD, EV 85.6 MPH)
Batting: RHB Joe Young 0-0: Foul Ball, location: 2F
0-1: Ball
1-1: Fly out, F8 (Line Drive, 8LM, EV 85.0 MPH)
Batting: RHB Melvin Durland 0-0: Called Strike
0-1: Ball
1-1: Ball
2-1: Fly out, F8 (Flyball, 8LD, EV 102.5 MPH)
Bottom of the 5th over - 1 run, 3 hits, 0 errors, 2 left on base; Pensacola 3 - Altoona 1
TOP OF THE 6TH
Pensacola Blue Wahoos batting - Pitching for Altoona Curve : RHP Rogelio Nunez
Batting: RHB David Stayton 0-0: Ball
1-0: Foul Ball, location: 2F
1-1: Ball
2-1: Called Strike
2-2: Ball
3-2: Foul Ball, location: 2F
3-2: Strikes out swinging
Batting: RHB Ryan Short 0-0: Ball
1-0: Called Strike
1-1: Ball
2-1: Foul Ball, location: 2F
2-2: Strikes out swinging
Batting: RHB Alex Velasquez 0-0: Ball
1-0: Ground out 3-1 (Groundball, 34, EV 107.5 MPH)
Top of the 6th over - 0 runs, 0 hits, 0 errors, 0 left on base; Pensacola 3 - Altoona 1
BOTTOM OF THE 6TH
Altoona Curve batting - Pitching for Pensacola Blue Wahoos : RHP Tony Ortiz
Batting: RHB Alex Arzate 0-0: Called Strike
0-1: Ground out 6-3 (Groundball, 6, EV 85.0 MPH)
Batting: RHB Brandon White 0-0: Ball
1-0: Ball
2-0: Called Strike
2-1: Ball
3-1: Base on Balls
Batting: LHB Mike Handrahan 0-0: Ball
1-0: Foul Ball, location: 2F
1-1: Foul Ball, location: 2F
1-2: Grounds into double play, 4-6-3 (Groundball, 4, EV 83.1 MPH)
Bottom of the 6th over - 0 runs, 0 hits, 0 errors, 0 left on base; Pensacola 3 - Altoona 1
TOP OF THE 7TH
Pensacola Blue Wahoos batting - Pitching for Altoona Curve : RHP Rogelio Nunez
Batting: RHB Randy Grewe 0-0: Called Strike
0-1: Foul Ball, location: 2F
0-2: Ball
1-2: Strikes out looking
Batting: LHB Ralph Braine 0-0: Called Strike
0-1: Ball
1-1: Foul Ball, location: 2F
1-2: Ground out 3-1 (Groundball, 34S, EV 83.8 MPH)
Batting: SHB David Garnica 0-0: Called Strike
0-1: Fly out, F8 (Line Drive, 8LM, EV 90.0 MPH)
Top of the 7th over - 0 runs, 0 hits, 0 errors, 0 left on base; Pensacola 3 - Altoona 1
BOTTOM OF THE 7TH
Altoona Curve batting - Pitching for Pensacola Blue Wahoos : RHP Tony Ortiz
Batting: RHB Jeff Edwards 0-0: Ball
1-0: Ground out 6-3 (Groundball, 6, EV 86.2 MPH)
Batting: RHB Tim Moore 0-0: Foul Ball, location: 2F
0-1: Ball
1-1: Called Strike
1-2: Strikes out swinging
Batting: SHB Ronnie Brooks 0-0: Fly out, F8 (Flyball, 8RXD, EV 96.2 MPH)
Bottom of the 7th over - 0 runs, 0 hits, 0 errors, 0 left on base; Pensacola 3 - Altoona 1
TOP OF THE 8TH
Pensacola Blue Wahoos batting - Pitching for Altoona Curve : RHP Rogelio Nunez
Pitching: LHP Mike Alcaraz
Batting: RHB Andy Urquhart 0-0: Ball
1-0: Ball
2-0: Ball
3-0: Called Strike
3-1: Foul Ball, location: 2F
3-2: Fly out, F9 (Flyball, 9LD, EV 106.9 MPH)
Batting: RHB Jose Nunez 0-0: Called Strike
0-1: Swinging Strike
0-2: Ball
1-2: Foul Ball, location: 2F
1-2: Ball
2-2: Ball
3-2: Foul Ball, location: 2F
3-2: Base on Balls
Batting: RHB Luis Solorzano 0-0: Ball
1-0: Ball
2-0: Grounds into double play, 4-6-3 (Groundball, 34, EV 89.4 MPH)
Top of the 8th over - 0 runs, 0 hits, 0 errors, 0 left on base; Pensacola 3 - Altoona 1
BOTTOM OF THE 8TH
Altoona Curve batting - Pitching for Pensacola Blue Wahoos : RHP Tony Ortiz
Batting: RHB Terrence Wilson 0-0: Foul Ball, location: 2F
0-1: Foul Ball, location: 2F
0-2: Ball
1-2: Ball
2-2: Strikes out swinging
Batting: RHB Joe Young 0-0: Called Strike
0-1: Ball
1-1: Ball
2-1: Swinging Strike
2-2: Ball
3-2: Strikes out swinging
Batting: RHB Melvin Durland 0-0: Ground out 4-3 (Groundball, 4S, EV 80.6 MPH)
Bottom of the 8th over - 0 runs, 0 hits, 0 errors, 0 left on base; Pensacola 3 - Altoona 1
TOP OF THE 9TH
Pensacola Blue Wahoos batting - Pitching for Altoona Curve : LHP Mike Alcaraz
Batting: RHB David Stayton 0-0: Foul Ball, location: 2F
0-1: Foul Ball, location: 2F
0-2: Ball
1-2: Foul Ball, location: 2F
1-2: Strikes out looking
Batting: RHB Ryan Short 0-0: Ball
1-0: Ball
2-0: Called Strike
2-1: Fly out, F9 (Flyball, 9LSF, EV 73.8 MPH)
Batting: RHB Alex Velasquez 0-0: Ground out 5-3 (Groundball, 56S, EV 68.1 MPH)
Top of the 9th over - 0 runs, 0 hits, 0 errors, 0 left on base; Pensacola 3 - Altoona 1
BOTTOM OF THE 9TH
Altoona Curve batting - Pitching for Pensacola Blue Wahoos : RHP Tony Ortiz
Pitching: RHP Damian Molina
Now at 3B: Alex Velasquez
Now at SS: Gabe Ochoa
Batting: RHB Alex Arzate 0-0: Called Strike
0-1: Foul Ball, location: 2F
0-2: Foul Ball, location: 2F
0-2: DOUBLE (Flyball, 8LXD, EV 95.0 MPH)
Pinch Hitting: LHB Josh Aerni 0-0: Ground out 1-3 (Groundball, 13S, EV 68.1 MPH)
Alex Arzate to third
Batting: LHB Mike Handrahan 0-0: Ball
1-0: Swinging Strike
1-1: Ball
2-1: Foul Ball, location: 2F
2-2: Strikes out swinging
Batting: RHB Jeff Edwards 0-0: Ball
1-0: Ball
2-0: Ground out 6-3 (Groundball, 6, EV 81.2 MPH)
Bottom of the 9th over - 0 runs, 1 hit, 0 errors, 1 left on base; Pensacola 3 - Altoona 1
Sunday, July 16th , 2023 - OOTP Baseball 24.6 Build 69